 Dungeon Crawl Stone Soup version 0.13.1-2-gfb2c2b7 (webtiles) character file.

4545 Lilouch the Toy (level 10, 0/71 (74) HPs)
             Began as a Demonspawn Chaos Knight on Dec 5, 2013.
             Was a Plaything of Xom.
             Slain by a troll (5 damage)
             ... on Level 10 of the Dungeon on Dec 6, 2013.
             The game lasted 00:43:12 (7139 turns).

Lilouch the Toy (Demonspawn Chaos Knight)           Turns: 7139, Time: 00:43:14

HP   0/71 (74)   AC  9     Str 15      XL: 10   Next:  6%
MP  22/22        EV 10     Int 13      God: Xom
Gold 414         SH 13     Dex 10 (14) Spells:  0 memorised,  9 levels left

Res.Fire  : . . .   See Invis. : .   a - +0,-1 spear (chaos) {=f}
Res.Cold  : . . .   Warding    : .   b - +2 leather armour
Life Prot.: . . .   Conserve   : .   L - +3 dwarf buckler
Res.Poison: .       Res.Corr.  : .   (helmet restricted)
Res.Elec. : .       Clarity    : .   O - +1 cloak {MR+}
Sust.Abil.: . .     Spirit.Shd : .   (no gloves)
Res.Mut.  : .       Stasis     : .   P - +0 pair of boots
Res.Rott. : .       Flight     : .   (no amulet)
Saprovore : . . .                    j - ring of regeneration
                                     C - ring of regeneration

@: quite resistant to hostile enchantments, stealthy
A: hooves 1, horns 2, nightstalker 2, powered by pain 2
a: Renounce Religion


You were on level 10 of the Dungeon.
You worshipped Xom.
You were a favourite toy of Xom.
You were not hungry.

You visited 1 branch of the dungeon, and saw 10 of its levels.

You collected 394 gold pieces.

Inventory:

Hand weapons
 a - a +0,-1 spear of chaos (weapon) {=f}
 M - a +4,+4 quarterstaff of chaos
Missiles
 f - 6 silver bolts
 h - a throwing net
 S - 2 javelins (quivered)
Armour
 b - a +2 leather armour (worn)
 v - a +2 cloak
 L - a +3 dwarven buckler (worn)
 O - a +1 cloak of magic resistance (worn)
 P - a +0 pair of boots (worn)
Magical devices
 k - a wand of heal wounds (1)
 l - a wand of flame (10)
 s - a wand of fire (8)
 u - a wand of slowing (13)
 T - a wand of random effects (12)
 Y - a wand of draining (1)
Comestibles
 c - 7 bread rations
 n - 5 rotting chunks of yak flesh
 D - an apple
 E - a lemon
 G - 5 grapes
 H - a meat ration
 X - a choko
Scrolls
 g - 3 scrolls of vulnerability {unknown}
 i - 2 scrolls of blinking {unknown}
 q - 2 scrolls of curse armour {unknown}
 r - 5 scrolls of magic mapping
 w - 6 scrolls of remove curse
 y - 5 scrolls of teleportation
 z - a scroll of recharging {unknown}
 N - a scroll of identify
 Q - a scroll of fog {unknown}
 R - a scroll of random uselessness {unknown}
 V - a scroll of immolation {unknown}
Jewellery
 j - a ring of regeneration (right hand)
 x - an uncursed ring of magical power
 C - a ring of regeneration (left hand)
 F - the ring "Sileelad" {MP+9 Int+4}
   (You found it on level 7 of the Dungeon)

   [ring of magical power]

   It affects your intelligence (+4).
Potions
 d - 2 potions of speed {unknown}
 e - a potion of poison {unknown}
 o - 2 potions of curing
 p - a potion of paralysis {unknown}
 t - 2 potions of magic {unknown}
 A - a potion of invisibility {unknown}
 B - a potion of might {unknown}
 I - a potion of slowing {unknown}
 J - a potion of brilliance {unknown}
 K - a potion of cure mutation {unknown}
 U - a potion of agility {unknown}
Books
 Z - the Grimoire of the Rocks
   (You found it on level 9 of the Dungeon)

   Spells                             Type                      Level
   Stone Arrow                        Conjuration/Earth            3
   Passwall                           Transmutation/Earth          3
   Dig                                Earth                        4


   Skills:
 + Level 6.6 Fighting
 - Level 7.1 Polearms
 + Level 6.6 Armour
 - Level 0.8 Dodging
 + Level 5.4 Shields
   Level 9.4 Invocations


You had 9 spell levels left.
You didn't know any spells.

Dungeon Overview and Level Annotations

Branches:
Dungeon (10/27)            Temple (0/1) D:6
    Orc: D:6-11        Lair: D:8-13

Altars:
Kikubaaqudgha
Sif Muna
Trog
Xom


Innate Abilities, Weirdness & Mutations

You have large cloven feet.
You have a pair of horns on your head.
You are significantly more attuned to the shadows.
You sometimes gain power by taking damage.


Message History

You feel much better. It bites you!
* * * LOW HITPOINT WARNING * * *
It claws you.
* * * LOW HITPOINT WARNING * * *
It claws you but does no damage.
Drink which item? (? for menu, Esc to quit)
You feel much better. It bites you but does no damage. It claws you!
* * * LOW HITPOINT WARNING * * *
It claws you!
* * * LOW HITPOINT WARNING * * *
Evoke which item? (* to show all) (? for menu, Esc to quit)
Zapping:
k - a wand of heal wounds (2)
Press: ? - help, Shift-Dir - straight line, f - you You feel much better.
This wand has 1 charge left.
It bites you!
* * * LOW HITPOINT WARNING * * *
It claws you!
* * * LOW HITPOINT WARNING * * *
It claws you.
You die...
Xom yawns loudly!

### #.# #.. #.# #.. #.#
#.. #.# #.. #.# #.. #.#
#####..
#############.###...#[.
......@..............>.
###<..#######.....#.#..
###. #######.#.# ..
#.#.# ### #...# #####


There were no monsters in sight!

Vanquished Creatures
  Grinder (D:3)
  3 wyverns (D:8)
  Eustachio (D:9)
  A yak (D:9)
  Edmund (D:9)
  A manticore (D:8)
  A necrophage (D:8)
  A phantom (D:6)
  A black bear (D:9)
  3 ice beasts
  An orc warrior (D:6)
  A sky beast (D:8)
  5 ogres
  5 giant frogs
  A water moccasin (D:6)
  3 wights (D:8)
  2 centaurs
  3 jellies
  A giant frog zombie (D:6)
  An orc priest (D:6)
  A quasit (D:9)
  A crimson imp (D:5)
  Crazy Yiuf (D:4)
  2 orc wizards
  6 hounds
  An iron imp (D:9)
  A gnoll shaman (D:4)
  5 worker ants
  7 spiders (D:9)
  A sky beast zombie (D:8)
  2 ogre skeletons
  A scorpion (D:7)
  9 gnolls
  9 adders
  A worm zombie (D:6)
  6 worms
  An adder zombie (D:7)
  2 giant eyeballs
  2 giant geckos
  24 orcs
  9 bats
  A bat zombie (D:5)
  11 hobgoblins
  2 quokkas
  A ball python (D:1)
  11 giant cockroaches
  A giant gecko skeleton (D:5)
  A giant gecko zombie (D:8)
  A giant newt (D:4)
  A giant spore (D:8)
  13 goblins
  2 hobgoblin skeletons
  5 jackals
  7 kobolds
  9 rats
  A rat skeleton (D:5)
  8 ballistomycetes (D:8)
  A fungus (D:4)
205 creatures vanquished.

Vanquished Creatures (collateral kills)
  A spider (D:9)
  A gnoll (D:4)
  A hobgoblin (D:9)
3 creatures vanquished.

Vanquished Creatures (others)
  A scorpion (D:9)
  A gnoll (D:5)
  A kobold (D:5)
  A ballistomycete (D:8)
  4 butterflies (D:6)
8 creatures vanquished.

Grand Total: 216 creatures vanquished

Notes
Turn   | Place    | Note
--------------------------------------------------------------
     0 | D:1      | Lilouch, the Demonspawn Chaos Knight, began the quest for the Orb.
     0 | D:1      | Reached XP level 1. HP: 16/16 MP: 1/1
   213 | D:1      | XOM: potion effect (experience)
   213 | D:1      | Reached skill level 9 in Invocations
   213 | D:1      | Gained mutation: You have a pair of small horns on your head. [demonic ancestry]
   213 | D:1      | Reached XP level 2. HP: 22/22 MP: 0/5
   384 | D:1      | Reached XP level 3. HP: 28/28 MP: 7/7
   944 | D:3      | XOM: divination: detect creatures
  1005 | D:3      | XOM: cast spell 'Ice Form'
  1022 | D:3      | Gained mutation: You have large cloven feet. [demonic ancestry]
  1022 | D:3      | Reached XP level 4. HP: 26/34 MP: 10/10
  1135 | D:3      | Noticed Grinder
  1139 | D:3      | XOM: potion effect (berserk)
  1145 | D:3      | Killed Grinder
  1145 | D:3      | Reached XP level 5. HP: 32/40 MP: 12/12
  1145 | D:3      | Gained mutation: You have a pair of horns on your head. [demonic ancestry]
  1145 | D:3      | Reached XP level 6. HP: 36/46 MP: 15/15
  1212 | D:3      | Found a bloodstained altar of Trog.
  1697 | D:4      | XOM: silly message
  1823 | D:4      | XOM: silly message
  1960 | D:4      | XOM: silly message
  1963 | D:4      | You fall through a shaft!
  1968 | D:6      | XOM: cast spell 'Discord'
  1974 | D:5      | Entered Level 5 of the Dungeon
  2032 | D:5      | XOM: inner flame monster(s)
  2069 | D:5      | XOM: noise
  2089 | D:5      | XOM: noise
  2091 | D:5      | XOM: cast spell 'Confusing Touch'
  2191 | D:5      | Gained mutation: You are slightly more attuned to the shadows. [demonic ancestry]
  2191 | D:5      | Reached XP level 7. HP: 50/52 MP: 17/17
  2328 | D:5      | XOM: mild Fire miscast
  2369 | D:5      | XOM: enchant monster (bad)
  2518 | D:5      | XOM: enchant monster (good)
  2560 | D:5      | XOM: mild Tloc miscast
  2596 | D:5      | XOM: harmless Chrm miscast
  2635 | D:5      | XOM: confuse monster(s)
  2813 | D:4      | Found a shimmering altar of Xom.
  2813 | D:4      | Found a deep blue altar of Sif Muna.
  2994 | D:4      | XOM: confuse monster(s)
  2999 | D:4      | Reached skill level 5 in Polearms
  3025 | D:4      | XOM: mild Trmt miscast
  3342 | D:4      | Noticed Crazy Yiuf
  3349 | D:4      | Killed Crazy Yiuf
  3372 | D:4      | XOM: god gift: pair of boots {god gift}
  3417 | D:4      | XOM: god gift: spear {god gift}
  3555 | D:6      | Found a staircase to the Ecumenical Temple.
  3589 | D:6      | XOM: cast spell 'Confusing Touch'
  3596 | D:6      | Reached skill level 1 in Shields
  3635 | D:6      | Gained mutation: You are significantly more attuned to the shadows. [demonic ancestry]
  3635 | D:6      | Reached XP level 8. HP: 56/59 MP: 19/19
  3772 | D:6      | XOM: divination: detect creatures
  3773 | D:6      | XOM: harmless Divn miscast
  4023 | D:6      | XOM: harmless Conj miscast
  4026 | D:6      | XOM: mild Chrm miscast
  4250 | D:6      | XOM: cast spell 'Necromutation'
  4391 | D:7      | Got a glittering silver ring
  4909 | D:8      | Reached skill level 5 in Armour
  4929 | D:8      | Gained mutation: You sometimes gain a little power by taking damage. [demonic ancestry]
  4929 | D:8      | Reached XP level 9. HP: 65/65 MP: 21/21
  5024 | D:8      | XOM: noise
  5039 | D:8      | XOM: enchant monster (good)
  5178 | D:8      | XOM: harmless Necr miscast
  5257 | D:8      | Reached skill level 5 in Fighting
  5276 | D:8      | Found an ancient bone altar of Kikubaaqudgha.
  5447 | D:8      | Paralysed by a giant eyeball for 2 turns
  5451 | D:8      | Paralysed by a giant eyeball for 3 turns
  5647 | D:8      | XOM: divination: detect items
  5765 | D:8      | XOM: summons 5 hostile shadow creatures
  5785 | D:8      | XOM: cast spell 'Ice Form'
  6001 | D:8      | XOM: enchant monster (bad)
  6046 | D:8      | XOM: silly message
  6355 | D:9      | Noticed Edmund
  6356 | D:9      | XOM: cast spell 'Discord'
  6372 | D:9      | Killed Edmund
  6374 | D:9      | Reached skill level 5 in Shields
  6435 | D:9      | XOM: harmless Hex miscast
  6473 | D:9      | XOM: silly message
  6501 | D:9      | XOM: confuse monster(s)
  6661 | D:9      | Identified the Grimoire of the Rocks
  6668 | D:9      | Identified the ring "Sileelad" {MP+9 Int+4} (You found it on level 7 of the Dungeon)
  6693 | D:9      | XOM: medium Pois miscast
  6744 | D:9      | XOM: noise
  6748 | D:9      | XOM: vitrification
  6796 | D:9      | Gained mutation: You sometimes gain power by taking damage. [demonic ancestry]
  6796 | D:9      | Reached XP level 10. HP: 71/71 MP: 22/22
  6861 | D:9      | Noticed Eustachio
  6888 | D:9      | Killed Eustachio
  7022 | D:10     | Entered Level 10 of the Dungeon
  7126 | D:10     | XOM: blink monster(s)
  7139 | D:10     | Slain by a troll

Action                   |  1- 3 |  4- 6 |  7- 9 | 10-12 || total
-------------------------+-------+-------+-------+-------++-------
Melee: Spear             |   103 |   108 |   717 |    43 ||   971
       Unarmed           |     5 |     6 |    17 |       ||    28
Throw: Dagger            |     1 |       |       |       ||     1
       Throwing net      |       |       |     1 |       ||     1
       Javelin           |       |       |     2 |       ||     2
Evoke: Wand              |       |       |    11 |     1 ||    12
  Use: Scroll            |       |       |     6 |       ||     6
       Potion            |       |       |     4 |     4 ||     8
 Stab: Paralysed         |       |     1 |    24 |       ||    25
       Petrifying        |       |       |     4 |       ||     4
       Confused          |       |       |     7 |       ||     7
       Distracted        |       |       |     3 |       ||     3
       Sleeping          |       |       |    15 |       ||    15
       Petrified         |       |       |     2 |       ||     2
